[Event "Titled Tuesday Blitz November 22 Late 2022"]
[White "Sabuk, Piotr"]
[Black "Willathgamuwa, Kevin"]
[WhiteFideId "1137565"]
[BlackFideId "3214168"]
[WhiteElo "2326"]
[BlackElo "1962"]
[Result "0-1"]
[Round "04"]
[TimeControl "180+1"]
[Date "2022.11.23"]
[WhiteClock "0:00:04"]
[BlackClock "0:00:09"]

1. e4 e6 2. d4 d5 3. exd5 exd5 4. Nf3 Bd6 5. Bd3 Nf6 6. Qe2+ Qe7 7. Qxe7+ Bxe7 8. Bf4 c6 9. O-O O-O 10. Re1 Re8 11. Nbd2 Bg4 12. a4 a5 13. Ne5 Bh5 14. c3 Nbd7 15. Nb3 Nxe5 16. Bxe5 Nd7 17. Bc7 b6 18. Bf5 Nf8 19. Bxb6 Rab8 20. Bc5 Rxb3 21. Rxe7 Rxe7 22. Bxe7 Rxb2 23. f3 Bg6 24. g4 Bxf5 25. gxf5 Rb3 26. Ra3 Rxa3 27. Bxa3 Nd7 28. Bd6 Nb6 29. Bc7 Nxa4 30. Bxa5 Kf8 31. Kf2 Nb2 32. Kg3 Ke7 33. Kg4 Nc4 34. Bc7 Ne3+ 35. Kf4 Nd1 36. Ba5 Nb2 37. h4 g6 38. Bc7 f6 39. Ba5 Nd3+ 40. Kg4 h5+ 41. Kg3 gxf5 42. Bc7 Ke6 43. Bd8 f4+ 44. Kg2 Kf5 45. Bc7 Nb2 46. Kf1 Nc4 47. Ke2 Ne3 48. Kd3 Ng2 49. c4 Nxh4 50. cxd5 cxd5 51. Ke2 Ng2 52. Kf2 Ne3 53. Bb8 h4 54. Kg1 Kg5 55. Kh2 Nf5 56. Ba7 Ng3 57. Kh3 Nf1 58. Bb6 Ne3 59. Ba5 Nf5 60. Bb6 Ne7 61. Ba5 Ng6 62. Be1 f5 63. Ba5 Kf6 64. Bd8+ Ke6 65. Bxh4 Kd6 66. Bf6 Kc6 67. Bg7 Kb5 68. Bf6 Kc4 69. Bg7 Kd3 70. Bf6 Ke2 71. Kg2 Nf8 72. Bg7 Ne6 73. Be5 Ke3 74. Bb8 Nxd4 75. Ba7 Kd3 76. Kf2 Nc2 77. Bb8 d4 78. Bxf4 Kc3 79. Ke2 d3+ 80. Kd1 Nd4 81. Be5 Kc4 82. f4 Nf3 83. Bb2 Kd5 84. Ba3 Ke4 85. Bd6 Nd4 86. Kd2 Ne6 87. Bb8 Nxf4 88. Kd1 Nd5 89. Kd2 f4 90. Ba7 f3 91. Ke1 Nf4 92. Kd2 Kf5 93. Ke3 Kg4 94. Kd2 Kg3 95. Ke1 Kg2 96. Bb6 Nd5 97. Bc5 Nc3 98. Ba7 Ne4 99. Kd1 f2 100. Bxf2 Kxf2 101. Kc1 Ke3 102. Kd1 d2 103. Kc2 Ke2 104. Kb3 d1=Q+ 105. Kc4 Qd3+ 106. Kb4 Qc3+ 0-1


[Site "https://www.chess.com"]

[Event "Titled Tuesday Blitz November 22 Late 2022"]
[White "Sadhwani, Raunak"]
[Black "Artemenko, Oleg"]
[WhiteFideId "35093487"]
[BlackFideId "14201798"]
[WhiteElo "2656"]
[BlackElo "2287"]
[Result "1-0"]
[Round "04"]
[TimeControl "180+1"]
[Date "2022.11.22"]
[WhiteClock "0:02:07"]
[BlackClock "0:01:39"]

1. e4 e6 2. d4 d6 3. Nf3 Nf6 4. Nc3 g6 5. Be3 Bg7 6. Qd2 Nbd7 7. Bh6 Bxh6 8. Qxh6 e5 9. O-O-O exd4 10. Nxd4 Ne5 11. h3 Ng8 12. Qd2 Ne7 13. f4 N5c6 14. Nf3 O-O 15. f5 gxf5 16. Qh6 fxe4 17. Nxe4 Bf5 18. Nf6+ Kh8 19. Nh5 1-0


[Site "https://www.chess.com"]

[Event "Titled Tuesday Blitz November 22 Late 2022"]
[White "Salman, Pavel"]
[Black "Samarth, J Rao"]
[WhiteFideId "24153753"]
[BlackFideId "46652370"]
[WhiteElo "2187"]
[BlackElo "1564"]
[Result "1-0"]
[Round "04"]
[TimeControl "180+1"]
[Date "2022.11.23"]
[WhiteClock "0:00:27"]
[BlackClock "0:00:02"]

1. d4 d5 2. Nc3 Nf6 3. Bf4 e6 4. Nb5 Na6 5. e3 c6 6. Nc3 Bb4 7. g4 Ne4 8. Ne2 Qa5 9. Qd3 c5 10. f3 c4 11. Qd1 Nxc3 12. bxc3 Bxc3+ 13. Nxc3 Qxc3+ 14. Kf2 Nb4 15. Kg3 Qxc2 16. Qe1 Nxa2 17. Bd6 h5 18. gxh5 b6 19. h4 Rxh5 20. Rh2 Qg6+ 21. Kf2 Qh6 22. Rxa2 Rxh4 23. Rxh4 Qxh4+ 24. Bg3 Qe7 25. Qa1 a5 26. e4 b5 27. exd5 exd5 28. Re2 Be6 29. Bh3 a4 30. Qe1 O-O-O 31. Bxe6+ fxe6 32. Rxe6 Qa3 33. Rc6+ Kb7 34. Rc7+ Ka8 35. Qa5+ 1-0


[Site "https://www.chess.com"]

[Event "Titled Tuesday Blitz November 22 Late 2022"]
[White "Sanchez, Robert"]
[Black "Vargas, Mauricio"]
[WhiteFideId "2034360"]
[BlackFideId "4404572"]
[WhiteElo "2313"]
[BlackElo "2025"]
[Result "1-0"]
[Round "04"]
[TimeControl "180+1"]
[Date "2022.11.23"]
[WhiteClock "0:01:49"]
[BlackClock "0:00:46"]

1. e4 c5 2. Nf3 d6 3. d4 cxd4 4. Nxd4 Nf6 5. Nc3 a6 6. Be3 g6 7. f3 Bg7 8. Qd2 e5 9. Nb3 Be6 10. O-O-O Bf8 11. Kb1 Be7 12. g4 b5 13. h4 Nc6 14. Nd5 Rc8 15. Nxe7 Kxe7 16. Qf2 Rb8 17. Nc5 Bxa2+ 18. Kxa2 Qa5+ 19. Kb1 Nb4 20. Nb3 Rhc8 21. Nxa5 Rxc2 22. Qxc2 Nxc2 23. Kxc2 Rc8+ 24. Kb1 Rb8 25. Nc6+ 1-0


[Site "https://www.chess.com"]

[Event "Titled Tuesday Blitz November 22 Late 2022"]
[White "Santos Flores, Alberto"]
[Black "Young, Ryan"]
[WhiteFideId "3601234"]
[BlackFideId "2049945"]
[WhiteElo "2235"]
[BlackElo "2309"]
[Result "1-0"]
[Round "04"]
[TimeControl "180+1"]
[Date "2022.11.23"]
[WhiteClock "0:00:25"]
[BlackClock "0:00:04"]

1. d4 Nf6 2. Nf3 e6 3. c4 Bb4+ 4. Bd2 a5 5. g3 d6 6. Bg2 Nbd7 7. O-O Bxd2 8. Nbxd2 O-O 9. e4 e5 10. d5 Nc5 11. Ne1 b6 12. Qc2 Qe7 13. Nd3 Nfd7 14. Nxc5 Nxc5 15. Nb3 Nxb3 16. axb3 f5 17. b4 Bd7 18. bxa5 Rxa5 19. Rxa5 bxa5 20. c5 Bb5 21. Rc1 f4 22. cxd6 cxd6 23. Qc7 Qf6 24. Qxa5 Bd3 25. Qd2 Bb5 26. Bh3 h6 27. Rc8 Rxc8 28. Bxc8 fxg3 29. hxg3 Qf3 30. Bf5 Be8 31. Qb4 g6 32. Be6+ Kg7 33. Qxd6 Bb5 34. Qe7+ Kh8 35. Qd8+ Kg7 36. Qg8+ Kf6 37. Qf8+ Kg5 38. Qxf3 Be2 39. Qxe2 h5 1-0


[Site "https://www.chess.com"]

[Event "Titled Tuesday Blitz November 22 Late 2022"]
[White "Sargsyan, Anna M."]
[Black "Yeritsyan, Hayk"]
[WhiteFideId "13308130"]
[BlackFideId "13307320"]
[WhiteElo "2284"]
[BlackElo "2376"]
[Result "1-0"]
[Round "04"]
[TimeControl "180+1"]
[Date "2022.11.23"]
[WhiteClock "0:01:40"]
[BlackClock "0:00:33"]

1. d4 d5 2. c4 e6 3. Nf3 Nf6 4. Nc3 c6 5. e3 Nbd7 6. Bd3 Bd6 7. O-O Qe7 8. Qe2 O-O 9. e4 dxc4 10. Bxc4 e5 11. d5 Nb6 12. dxc6 Nxc4 13. Qxc4 Be6 14. Nd5 Bxd5 15. exd5 bxc6 16. dxc6 Rac8 17. Bg5 e4 18. Bxf6 Qxf6 19. Qxe4 Qxb2 20. a4 Rfe8 21. Qd5 Bf8 22. Rac1 Red8 23. Qc4 Qb6 24. h3 h6 25. Ne5 Rc7 26. Rfd1 Re8 27. Rd7 Rxd7 28. Nxd7 Qc7 29. Qd5 Rd8 30. Rb1 Rc8 31. Nxf8 Kxf8 32. Rb7 Qf4 33. g3 Qc1+ 34. Kh2 1-0


[Site "https://www.chess.com"]

[Event "Titled Tuesday Blitz November 22 Late 2022"]
[White "Sariego Figueredo, Wilfredo"]
[Black "Risteski, Emil"]
[WhiteFideId "3500080"]
[BlackFideId "15005267"]
[WhiteElo "2309"]
[BlackElo "2251"]
[Result "0-1"]
[Round "04"]
[TimeControl "180+1"]
[Date "2022.11.23"]
[WhiteClock "0:00:17"]
[BlackClock "0:00:51"]

1. d4 d5 2. Bf4 Nf6 3. e3 c5 4. c3 Nc6 5. Nd2 Bf5 6. Be2 e6 7. Ngf3 Bd6 8. Bg3 O-O 9. O-O Ne4 10. Nh4 Nxg3 11. hxg3 Bg6 12. Nxg6 hxg6 13. Nf3 cxd4 14. exd4 Rb8 15. Re1 b5 16. b4 a5 17. a3 Re8 18. Qd2 Qc7 19. Reb1 axb4 20. axb4 Red8 21. Ne1 e5 22. dxe5 Nxe5 23. f4 Nc4 24. Bxc4 dxc4 25. Qe2 Qb6+ 26. Kh1 Kh7 27. Nf3 Rh8 28. Nh4 Kg8 29. Qf3 g5 30. fxg5 Qc7 31. Ra8 Bxg3 32. Rxb8+ Qxb8 33. Kg1 Rxh4 34. Rb2 Qb6+ 35. Kf1 Rh1+ 36. Ke2 Re1+ 37. Kd2 Qd6+ 38. Kc2 Qg6+ 39. Kd2 Qxg5+ 40. Kc2 Qc1# 0-1


[Site "https://www.chess.com"]

[Event "Titled Tuesday Blitz November 22 Late 2022"]
[White "Schmidt, Harald"]
[Black "Melikyan, Gnel"]
[WhiteFideId "4648358"]
[BlackFideId "54109990"]
[WhiteElo "2304"]
[BlackElo "2138"]
[Result "0-1"]
[Round "04"]
[TimeControl "180+1"]
[Date "2022.11.23"]
[WhiteClock "0:00:52"]
[BlackClock "0:00:35"]

1. e4 e5 2. Nf3 Nc6 3. Nc3 Nf6 4. Be2 Bb4 5. O-O O-O 6. Nd5 Bc5 7. d4 Nxd5 8. dxc5 Nf6 9. Qd3 d5 10. cxd6 Qxd6 11. Bg5 Qxd3 12. Bxd3 Nd7 13. Rfd1 Nc5 14. Bb5 Nxe4 15. Bxc6 Nxg5 16. Bxb7 Bxb7 17. Nxg5 f6 18. Nf3 Rfd8 19. Kf1 Kf7 20. b3 Ke6 21. Ke2 Be4 22. c4 a5 23. Rd2 a4 24. Rad1 Rxd2+ 25. Rxd2 axb3 26. axb3 Ra1 27. Rb2 g5 28. g3 c5 29. h4 g4 30. Nd2 Bc6 31. b4 cxb4 32. Rxb4 f5 33. Rb8 f4 34. gxf4 exf4 35. Rf8 Ke5 36. Rc8 f3+ 37. Kd3 Ra3+ 38. Kc2 Ba4+ 39. Kc1 Rc3+ 40. Kb1 Bd7 41. h5 Bxc8 0-1


[Site "https://www.chess.com"]

[Event "Titled Tuesday Blitz November 22 Late 2022"]
[White "Schut, Han"]
[Black "Haydon, David L"]
[WhiteFideId "1005561"]
[BlackFideId "415405"]
[WhiteElo "2024"]
[BlackElo "2317"]
[Result "0-1"]
[Round "04"]
[TimeControl "180+1"]
[Date "2022.11.23"]
[WhiteClock "0:00:07"]
[BlackClock "0:01:07"]

1. e4 c6 2. d4 d5 3. e5 Bf5 4. Nf3 e6 5. Be2 c5 6. Be3 Nc6 7. Nc3 Nge7 8. O-O a6 9. dxc5 Ng6 10. Nd4 Nxd4 11. Bxd4 Qc7 12. b4 Nxe5 13. Na4 Nc6 14. Nb6 Rd8 15. a3 e5 16. Bb2 d4 17. Bc4 Be7 18. Qf3 Bg6 19. c3 O-O 20. cxd4 Nxd4 21. Bxd4 Rxd4 22. Qb3 Bg5 23. Rad1 Rfd8 24. Nd5 Qd7 25. Rxd4 exd4 26. f4 Be4 27. Nb6 Qg4 28. Qg3 Qxg3 29. hxg3 Bf6 30. Rd1 d3 31. Kf2 Bd4+ 32. Ke1 Be3 0-1


[Site "https://www.chess.com"]

[Event "Titled Tuesday Blitz November 22 Late 2022"]
[White "Sebag, Marie"]
[Black "Desideri, Ricardo Maruchi"]
[WhiteFideId "617822"]
[BlackFideId "2110440"]
[WhiteElo "2440"]
[BlackElo "1945"]
[Result "0-1"]
[Round "04"]
[TimeControl "180+1"]
[Date "2022.11.23"]
[WhiteClock "0:01:55"]
[BlackClock "0:00:58"]

1. c4 e5 2. Nc3 Nf6 3. g3 d5 4. cxd5 Nxd5 5. Bg2 Be6 6. Qb3 Nb6 7. Qb5+ N8d7 8. Bxb7 Rb8 9. Bg2 Bc4 10. Qa4 Nxa4 11. Nxa4 Bd6 12. b3 Bb5 13. Nc3 Ba6 14. Bb2 Bb7 15. Nf3 O-O 16. O-O f5 17. d3 Kh8 18. Rfd1 Qe7 19. e3 f4 20. gxf4 exf4 21. e4 Ne5 22. Nxe5 Bxe5 23. d4 Bf6 24. f3 Rbd8 25. e5 Bh4 26. Rac1 Qg5 27. Kh1 Qh5 28. Ne2 Bxf3 29. Ng1 Bxg2+ 30. Kxg2 Qg4+ 31. Kf1 f3 32. Rd3 Qg2# 0-1


[Site "https://www.chess.com"]

[Event "Titled Tuesday Blitz November 22 Late 2022"]
[White "Shapiro, Daniel"]
[Black "Prydun, Andriy"]
[WhiteFideId "2001780"]
[BlackFideId "14145898"]
[WhiteElo "2306"]
[BlackElo "2163"]
[Result "0-1"]
[Round "04"]
[TimeControl "180+1"]
[Date "2022.11.23"]
[WhiteClock "0:00:10"]
[BlackClock "0:00:04"]

1. d4 Nf6 2. c4 e6 3. g3 h5 4. Nf3 b6 5. Bg2 Bb7 6. a3 c5 7. d5 exd5 8. Nh4 Ne4 9. cxd5 Nd6 10. e4 g5 11. Nf5 Nxf5 12. exf5 d6 13. O-O Nd7 14. f4 g4 15. Nc3 Be7 16. Re1 Nf6 17. Be3 Bc8 18. Qc2 Qd7 19. Ne4 Qxf5 20. Nxd6+ Bxd6 21. Qxf5 Bxf5 22. Bd4+ Kd7 23. Bxf6 Rhe8 24. Be5 Kc7 25. Rad1 Rad8 26. Kf2 Bg6 27. Bf1 Bf5 28. Bb5 Bd7 29. Bf1 Rf8 30. b4 Rde8 31. bxc5 bxc5 32. Rc1 Bxe5 33. fxe5 Kb6 34. Re2 Rc8 35. Rb2+ Ka5 36. Bc4 Rb8 37. Re2 Rbc8 38. e6 fxe6+ 39. Kg1 exd5 40. Bxd5 c4 41. Re7 Bb5 42. Rxa7+ Kb6 43. Rh7 c3 44. Bg2 Rfd8 45. Rxh5 c2 46. Rg5 Rd1+ 47. Kf2 Rxc1 48. Rxg4 Rf1+ 49. Bxf1 c1=Q 50. Rg6+ Ka5 51. Bxb5 Qc2+ 52. Be2 Qxg6 0-1


[Site "https://www.chess.com"]

[Event "Titled Tuesday Blitz November 22 Late 2022"]
[White "Shimanov, Aleksandr"]
[Black "Nasuta, Grzegorz"]
[WhiteFideId "4198603"]
[BlackFideId "1141686"]
[WhiteElo "2605"]
[BlackElo "2440"]
[Result "1-0"]
[Round "04"]
[TimeControl "180+1"]
[Date "2022.11.22"]
[WhiteClock "0:01:14"]
[BlackClock "0:00:06"]

1. e4 c5 2. Nf3 d6 3. d4 cxd4 4. Qxd4 Nc6 5. Bb5 Bd7 6. Qd3 g6 7. c4 Bg7 8. Nc3 Nf6 9. O-O O-O 10. h3 a6 11. Bxc6 bxc6 12. Bf4 Qb6 13. b3 Rfd8 14. Rad1 a5 15. Na4 Qb7 16. e5 Ne8 17. exd6 exd6 18. Bg5 Rdb8 19. Rfe1 c5 20. Nc3 Bf5 21. Qd2 Bxh3 22. Nd5 Be6 23. Qf4 a4 24. Rxe6 fxe6 25. Ne7+ Kh8 26. Qf7 Nc7 27. Bf6 Rg8 28. Ng5 Qb8 29. Nxg6+ hxg6 30. Rd3 1-0


[Site "https://www.chess.com"]

[Event "Titled Tuesday Blitz November 22 Late 2022"]
[White "Silva, Caio Henrique Angelico"]
[Black "Gascon Del Nogal, Jose Rafael"]
[WhiteFideId "22777210"]
[BlackFideId "3902463"]
[WhiteElo "1990"]
[BlackElo "2473"]
[Result "1-0"]
[Round "04"]
[TimeControl "180+1"]
[Date "2022.11.23"]
[WhiteClock "0:00:52"]
[BlackClock "0:00:20"]

1. Nf3 c5 2. g3 Nc6 3. d4 cxd4 4. Nxd4 d5 5. Bg2 g6 6. c4 Nf6 7. Nc3 e6 8. O-O Bg7 9. cxd5 Nxd5 10. Nxc6 bxc6 11. Qa4 O-O 12. Qxc6 Bd7 13. Qa6 Nxc3 14. bxc3 Rb8 15. Bf4 Rb2 16. Rad1 Qc8 17. Qxc8 Bxc8 18. Rd2 Rxd2 19. Bxd2 Ba6 20. Bf3 Rb8 21. Be3 Rb2 22. Bxa7 Bxe2 23. Bxe2 Rxe2 24. Bd4 e5 25. Be3 Rc2 26. Rb1 h5 27. Rb8+ Kh7 28. a4 e4 29. a5 Ra2 30. Ra8 Bxc3 31. a6 Kg7 32. a7 1-0


[Site "https://www.chess.com"]

[Event "Titled Tuesday Blitz November 22 Late 2022"]
[White "Sreyas Payyappat"]
[Black "Curtis, John"]
[WhiteFideId "46674969"]
[BlackFideId "3200256"]
[WhiteElo "2083"]
[BlackElo "2203"]
[Result "1-0"]
[Round "04"]
[TimeControl "180+1"]
[Date "2022.11.23"]
[WhiteClock "0:00:28"]
[BlackClock "0:00:12"]

1. e4 c5 2. Nf3 d6 3. d4 cxd4 4. Nxd4 Nf6 5. Nc3 a6 6. f4 e5 7. Nf3 Nc6 8. fxe5 dxe5 9. Qxd8+ Kxd8 10. Bg5 Be6 11. O-O-O+ Ke8 12. Nd5 Bxd5 13. exd5 Nb4 14. d6 Nc6 15. Bxf6 gxf6 16. d7+ Kd8 17. Bc4 e4 18. Nd2 Ne5 19. Bd5 Bh6 20. Bxe4 Kc7 21. Kb1 Rad8 22. Nb3 Nxd7 23. Rd3 b6 24. Rhd1 Nc5 25. Nxc5 bxc5 26. Rxd8 Rxd8 27. Rxd8 Kxd8 28. Bxh7 Bf4 29. g3 Be3 30. Bd3 a5 31. b3 Bg1 32. h3 Bf2 33. g4 Kc7 34. Kb2 Bd4+ 35. Ka3 Kb6 36. Ka4 Bf2 37. Bc4 Bh4 38. Bxf7 Bg5 39. Bc4 Bh4 40. Bd3 Bg5 41. a3 Bh4 42. b4 axb4 43. axb4 cxb4 44. Kxb4 Kc6 45. Kc4 Bf2 46. Be4+ Kd6 47. Kd3 Bh4 48. Ke3 Ke5 49. c4 Bg5+ 50. Kd3 Bh4 51. c5 Bf2 52. c6 Bb6 53. h4 Kf4 54. h5 Kg5 55. Kc4 Bd8 56. Bf3 Kf4 57. h6 Kxf3 58. h7 Kxg4 59. h8=Q f5 60. Qxd8 f4 61. c7 f3 62. c8=Q+ Kg3 63. Qg8+ Kf2 64. Qcf8 Ke2 65. Qgf7 f2 66. Qxf2+ Kd1 67. Q8f3+ Kc1 68. Qh1# 1-0


[Site "https://www.chess.com"]

[Event "Titled Tuesday Blitz November 22 Late 2022"]
[White "Stankovic, Ivan G"]
[Black "Cortes Orihuela, Javier"]
[WhiteFideId "902837"]
[BlackFideId "3414329"]
[WhiteElo "2226"]
[BlackElo "2080"]
[Result "0-1"]
[Round "04"]
[TimeControl "180+1"]
[Date "2022.11.23"]
[WhiteClock "0:01:15"]
[BlackClock "0:00:22"]

1. e4 e5 2. d4 exd4 3. Qxd4 Nc6 4. Qe3 d6 5. Nc3 Nf6 6. Bd2 Be7 7. O-O-O O-O 8. Qg3 Be6 9. h4 a6 10. h5 b5 11. Bh6 Ne8 12. Bxg7 Nxg7 13. h6 Bg5+ 14. f4 Bf6 15. Nf3 b4 16. Nd5 Bxd5 17. exd5 Ne7 18. Bd3 Ng6 19. hxg7 Bxg7 20. Rxh7 Kxh7 21. Ng5+ Kg8 22. Qh3 Re8 23. Qh7+ Kf8 24. Bxg6 Qf6 25. c3 Qxg6 26. Qh3 bxc3 27. b3 Re2 0-1


[Site "https://www.chess.com"]

[Event "Titled Tuesday Blitz November 22 Late 2022"]
[White "Storey, Charles H"]
[Black "Xiong, Jeffery"]
[WhiteFideId "406686"]
[BlackFideId "2047640"]
[WhiteElo "2252"]
[BlackElo "2725"]
[Result "0-1"]
[Round "04"]
[TimeControl "180+1"]
[Date "2022.11.23"]
[WhiteClock "0:00:16"]
[BlackClock "0:01:07"]

1. c4 g6 2. g3 f5 3. Bg2 Bg7 4. Nf3 Nf6 5. d4 O-O 6. Nc3 Nc6 7. O-O d6 8. d5 Na5 9. Nd2 c5 10. Qc2 e5 11. dxe6 Bxe6 12. b3 Nc6 13. e3 d5 14. Ba3 d4 15. Na4 dxe3 16. fxe3 Ng4 17. Nxc5 Nxe3 18. Qc1 Nxf1 19. Nxe6 Qxd2 20. Qxf1 Bxa1 21. Bxf8 Bd4+ 22. Kh1 Rxf8 23. Bd5 Nb4 24. Nxd4+ Nxd5 25. Nf3 Ne3 26. Nxd2 Nxf1 27. Nxf1 Re8 28. Kg2 Re2+ 29. Kf3 Rxa2 30. Ne3 Rb2 0-1


[Site "https://www.chess.com"]

[Event "Titled Tuesday Blitz November 22 Late 2022"]
[White "Taboas Rodriguez, Daniel"]
[Black "Bogaudinov, Rushan"]
[WhiteFideId "2208466"]
[BlackFideId "4129288"]
[WhiteElo "2329"]
[BlackElo "1997"]
[Result "0-1"]
[Round "04"]
[TimeControl "180+1"]
[Date "2022.11.23"]
[WhiteClock "0:00:06"]
[BlackClock "0:00:06"]

1. d4 Nf6 2. Nf3 d5 3. c4 dxc4 4. e3 e6 5. Bxc4 c5 6. O-O Nc6 7. Qe2 Be7 8. Rd1 Qc7 9. Nc3 a6 10. d5 exd5 11. Nxd5 Nxd5 12. Bxd5 O-O 13. e4 Bg4 14. Be3 Ne5 15. Rac1 Kh8 16. b4 f5 17. Bxc5 Bxc5 18. Rxc5 Qe7 19. Re1 Nxf3+ 20. gxf3 Bh3 21. Kh1 Rae8 22. Rg1 Rf6 23. Rg3 Rh6 24. Rc1 Qxb4 25. Rcg1 Re7 26. Qe3 Qd6 27. Qd4 Qf6 28. Qxf6 Rxf6 29. Rxh3 g6 30. Rhg3 b5 31. Rc1 fxe4 32. Bxe4 Rd6 33. Rgg1 Rd2 34. Rc2 Rxc2 35. Bxc2 Re2 36. Bb3 Rxf2 37. Bd5 Kg7 38. Rc1 Kf6 39. Rc6+ Ke5 40. Be4 Rxa2 41. Kg1 Kf4 42. Rf6+ Ke3 43. h4 b4 44. Rf7 b3 45. Rf8 b2 46. Rb8 a5 47. Kf1 a4 48. Kg1 a3 49. Kf1 Kf4 50. Rb4 Kg3 51. Ke1 Ra1+ 52. Kd2 Rc1 53. Bd3 a2 54. Rg4+ Kf2 55. Be2 a1=Q 0-1


[Site "https://www.chess.com"]

[Event "Titled Tuesday Blitz November 22 Late 2022"]
[White "Tanenbaum, Zachary"]
[Black "Alexikov, Alexander"]
[WhiteFideId "2060850"]
[BlackFideId "14103958"]
[WhiteElo "2175"]
[BlackElo "2222"]
[Result "1-0"]
[Round "04"]
[TimeControl "180+1"]
[Date "2022.11.23"]
[WhiteClock "0:01:45"]
[BlackClock "0:00:18"]

1. e4 c5 2. Nf3 d6 3. d4 cxd4 4. Nxd4 Nf6 5. Nc3 a6 6. Be3 e5 7. Nb3 Be7 8. h3 Be6 9. Qf3 h5 10. Bd3 Nbd7 11. Nd5 b5 12. a4 bxa4 13. Rxa4 Bxd5 14. exd5 Qc8 15. Na5 Nc5 16. Bf5 e4 17. Qf4 Nxd5 18. Qxe4 Nxe4 19. Bxc8 Rxc8 20. Rxe4 Rxc2 21. Nc4 Kd7 22. Kd1 Nb4 23. Nb6+ Kd8 24. Rxb4 Rc6 25. Ra4 1-0


[Site "https://www.chess.com"]

[Event "Titled Tuesday Blitz November 22 Late 2022"]
[White "Tari, Aryan"]
[Black "Kleiman, Jake"]
[WhiteFideId "1510045"]
[BlackFideId "2020041"]
[WhiteElo "2612"]
[BlackElo "2623"]
[Result "1-0"]
[Round "04"]
[TimeControl "180+1"]
[Date "2022.11.22"]
[WhiteClock "0:01:06"]
[BlackClock "0:00:05"]

1. Nf3 Nf6 2. c4 e6 3. g3 d5 4. d4 dxc4 5. Bg2 Bb4+ 6. Bd2 c5 7. a3 Bxd2+ 8. Nbxd2 cxd4 9. Nxc4 Nc6 10. O-O O-O 11. Rc1 Rb8 12. b4 b5 13. Nfe5 Nxe5 14. Nxe5 Bb7 15. Bxb7 Rxb7 16. Nc6 Qb6 17. Qxd4 Rd7 18. Qxb6 axb6 19. Rfd1 Rxd1+ 20. Rxd1 g5 21. Na7 Nd5 22. Rd3 f5 23. Nxb5 Rc8 24. Nd4 Rc3 25. Nxe6 Rxd3 26. exd3 g4 27. Nd4 f4 28. Nf5 h5 29. Kf1 Kf7 30. Ke2 Nc3+ 31. Ke1 Kf6 32. Nd6 Nd5 33. d4 Ke6 34. Nb5 f3 35. Kd2 Nf6 36. Kd3 1-0


[Site "https://www.chess.com"]

[Event "Titled Tuesday Blitz November 22 Late 2022"]
[White "Tarnowska, Aleksandra"]
[Black "Fiol, Fabrice"]
[WhiteFideId "1180967"]
[BlackFideId "611670"]
[WhiteElo "1776"]
[BlackElo "2444"]
[Result "0-1"]
[Round "04"]
[TimeControl "180+1"]
[Date "2022.11.23"]
[WhiteClock "0:00:04"]
[BlackClock "0:00:09"]

1. e4 c5 2. Nf3 e6 3. d4 cxd4 4. Nxd4 a6 5. Nc3 b5 6. a3 Bb7 7. Bd3 Qc7 8. O-O Nf6 9. Re1 d6 10. Bg5 Nbd7 11. Qd2 Be7 12. Rad1 O-O 13. Re3 Ne5 14. Rh3 Nxd3 15. Qxd3 g6 16. Qf3 Ne8 17. Bh6 Ng7 18. Nce2 e5 19. Nb3 f5 20. Bxg7 Kxg7 21. Qe3 f4 22. Qd3 Rac8 23. c3 Qc4 24. Nd2 Qe6 25. Nf3 Rc7 26. Nh4 Qc4 27. Qxc4 Rxc4 28. Nf3 Rxe4 29. Nc1 Rc4 30. Nd3 e4 31. Nd2 exd3 32. Nxc4 bxc4 33. b3 d5 34. b4 g5 35. g3 f3 36. Rh5 Kg6 37. g4 Bf6 38. Re1 Rf7 39. Kf1 Re7 40. Rxe7 Bxe7 41. Ke1 a5 42. Rh3 axb4 43. axb4 d4 44. Kd2 dxc3+ 45. Kxc3 Bf6+ 46. Kd2 Be4 47. Rg3 c3+ 48. Kc1 d2+ 49. Kd1 Bd4 50. Rg1 Bxf2 51. Rf1 Be3 52. b5 c2# 0-1


[Site "https://www.chess.com"]

[Event "Titled Tuesday Blitz November 22 Late 2022"]
[White "Terry, Renato"]
[Black "Boruchovsky, Avital"]
[WhiteFideId "3803457"]
[BlackFideId "2800055"]
[WhiteElo "2577"]
[BlackElo "2458"]
[Result "1-0"]
[Round "04"]
[TimeControl "180+1"]
[Date "2022.11.22"]
[WhiteClock "0:00:06"]
[BlackClock "0:00:02"]

1. Nf3 d5 2. e3 g6 3. c4 Bg7 4. cxd5 Nf6 5. Qa4+ Nbd7 6. Nc3 O-O 7. Qh4 Nb6 8. e4 e6 9. dxe6 Bxe6 10. Be2 c5 11. d3 Ng4 12. Qxd8 Raxd8 13. O-O c4 14. d4 Bxd4 15. Nxd4 Rxd4 16. f4 Nf6 17. Be3 Rd7 18. h3 Re8 19. Rad1 Rxd1 20. Rxd1 Nfd7 21. Bf3 f6 22. Nb5 Rc8 23. a3 Kf8 24. Nxa7 Ra8 25. Nb5 Ra5 26. Nc7 Bf7 27. Bg4 Ke7 28. Bd2 Ra4 29. Bb4+ Kd8 30. Nb5 Be8 31. Nd6 Ra8 32. Nxb7+ Kc7 33. Nd6 g5 34. g3 h5 35. Bf3 h4 36. e5 Rd8 37. Nb5+ Kc8 38. e6 Nb8 39. Nd6+ Kc7 40. Nxe8+ Rxe8 41. f5 hxg3 42. Bd6+ Kc8 43. Bxg3 Na6 44. Rd6 Na4 45. Rxa6 Nxb2 46. Ra8# 1-0


[Site "https://www.chess.com"]

[Event "Titled Tuesday Blitz November 22 Late 2022"]
[White "Thomas, Anysia"]
[Black "Fernandez Garcia, Gumersindo"]
[WhiteFideId "670472"]
[BlackFideId "24516740"]
[WhiteElo "2069"]
[BlackElo "2140"]
[Result "0-1"]
[Round "04"]
[TimeControl "180+1"]
[Date "2022.11.23"]
[WhiteClock "0:00:02"]
[BlackClock "0:01:15"]

1. d4 Nf6 2. c4 d6 3. Nf3 g6 4. Nc3 Bg7 5. h3 O-O 6. e4 Nbd7 7. Be3 e5 8. d5 a5 9. g4 Nc5 10. Nd2 h5 11. Be2 hxg4 12. hxg4 Qe7 13. f3 Nh7 14. Qc2 Bf6 15. O-O-O Bg5 16. Bxg5 Nxg5 17. Nf1 Bd7 18. Ne3 Qf6 19. Rdf1 Kg7 20. Bd1 Rh8 21. b3 Rxh1 22. Rxh1 Rh8 23. Rxh8 Kxh8 24. Qh2+ Kg7 25. Ne2 Nxf3 26. Qg3 Nxe4 27. Qg2 Neg5 28. Ng3 Qf4 29. Qf2 Bxg4 30. Kb1 Bf5+ 31. Kc1 Be4 32. Nxe4 Qxe4 33. Bxf3 Qxf3 34. Qg1 Ne4 35. Ng4 Qf4+ 36. Kb2 Qd2+ 37. Ka3 Qb4+ 38. Kb2 Qc3+ 39. Ka3 Qb4+ 40. Kb2 a4 41. Qf1 a3+ 42. Kb1 Nd2+ 0-1


[Site "https://www.chess.com"]

[Event "Titled Tuesday Blitz November 22 Late 2022"]
[White "Todev, Simeon"]
[Black "Dzierzak, Radoslaw"]
[WhiteFideId "2925133"]
[BlackFideId "1161407"]
[WhiteElo "1938"]
[BlackElo "2111"]
[Result "1-0"]
[Round "04"]
[TimeControl "180+1"]
[Date "2022.11.23"]
[WhiteClock "0:00:08"]
[BlackClock "0:00:06"]

1. e4 c6 2. c4 d5 3. exd5 cxd5 4. d4 Nf6 5. Nc3 e6 6. Nf3 Bb4 7. Bd3 dxc4 8. Bxc4 O-O 9. O-O Bxc3 10. bxc3 Qc7 11. Qe2 b6 12. Bg5 Nbd7 13. Rac1 Bb7 14. Bd3 Rfe8 15. h3 e5 16. Bxf6 e4 17. Be5 Nxe5 18. Nxe5 exd3 19. Qxd3 Rad8 20. Qg3 f6 21. Ng4 Qxg3 22. fxg3 h5 23. Nh2 Re2 24. Rf2 Rde8 25. Nf3 g5 26. Kf1 R2e3 27. g4 hxg4 28. hxg4 R8e4 29. c4 Rxg4 30. c5 Bxf3 31. gxf3 Rxd4 32. c6 Rd8 33. c7 Rc8 34. Rd2 Ree8 35. Rd7 Kf8 36. Rc6 Re7 37. Rxf6+ Ke8 38. Rd8+ Rxd8 39. Rf8+ Kxf8 40. cxd8=Q+ Re8 41. Qf6+ Kg8 42. Qxg5+ Kf8 43. Qf5+ Ke7 44. Qe5+ Kd7 45. Qg7+ Re7 46. Qd4+ Kc7 47. f4 a5 48. f5 Rd7 49. Qe5+ Kc6 50. f6 Rd6 51. f7 Rd8 52. Qe8+ 1-0


[Site "https://www.chess.com"]